 Dungeon Crawl Stone Soup version 0.27.1 (webtiles) character file.

Game seed: 10436593633274139907

40077 Ijustatesigmund the Bludgeoner (level 14, 0/94 HPs)
             Began as a Gargoyle Gladiator on Aug 20, 2021.
             Was the Champion of Cheibriados.
             Slain by a catoblepas (5 damage)
             ... on level 13 of the Dungeon on Aug 23, 2021.
             The game lasted 00:38:19 (19349 turns).

Ijustatesigmund the Bludgeoner (GrGl)              Turns: 19349, Time: 00:38:19

Health: 0/94       AC: 37    Str: 34    XL:     14   Next: 9%
Magic:  19/21      EV: 16    Int: 26    God:    Cheibriados [******]
Gold:   1122       SH: 16    Dex: 34    Spells: 13/13 levels left

rFire    . . .     SeeInvis .   K - +6 flail of Hybux {vorpal, rPois rN+ Will-}
rCold    . . .     Faith    .   G - +2 kite shield
rNeg     + + +     Spirit   .   b - +0 pearl dragon scales
rPois    ∞         Reflect  .   c - +1 helmet
rElec    +         Harm     .   d - +2 cloak
rCorr    +         Rampage  .   j - +2 pair of gloves of Qiugo {Will+ rCorr}
Will     +....                  r - +2 pair of boots
Stlth    +.........             (no amulet)
HPRegen  0.25/turn              i - +6 ring of dexterity
MPRegen  0.17/turn              x - +4 ring of slaying

@: mighty, flying, studying Maces & Flails, very slow
A: sickness immunity, AC +10, big wings, negative energy resistance 1,
electricity resistance, torment resistance 1, petrification resistance
a: Renounce Religion, Bend Time, Temporal Distortion, Slouch, Step From Time


You were on level 13 of the Dungeon.
You worshipped Cheibriados.
Cheibriados was exalted by your worship.
You visited 2 branches of the dungeon, and saw 14 of its levels.
You also visited: Sewer.

You collected 1924 gold pieces.
You spent 802 gold pieces at shops.

Inventory:

Hand Weapons
 a - a +1 flail of protection
 v - a +4 vorpal flail
 K - the +6 flail of Hybux (weapon) {vorpal, rPois rN+ Will-}
   (You found it on level 12 of the Dungeon)

   It inflicts extra damage upon your enemies.
   rPois:     It protects you from poison.
   rN:        It protects you from negative energy.
   Will:      It decreases your willpower.
Missiles
 g - 54 poisoned darts (quivered)
Armour
 b - +0 pearl dragon scales (worn)
 c - a +1 helmet (worn)
 d - a +2 cloak (worn)
 j - the +2 pair of gloves of Qiugo (worn) {Will+ rCorr}
   (You acquired it on level 2 of the Dungeon)

   rCorr:     It protects you from acid and corrosion.
   Will:      It increases your willpower.
 r - a +2 pair of boots (worn)
 s - a +2 crystal plate armour
 G - a +2 kite shield (worn)
Jewellery
 h - a ring of willpower
 i - a +6 ring of dexterity (left hand)
 x - a +4 ring of slaying (right hand)
 A - a +4 ring of protection
 I - a ring of protection from cold
 M - the ring "Meigieha" {rPois rC+ rCorr Int-4}
   (You found it on level 12 of the Dungeon)

   [ring of poison resistance]

   Int:       It affects your intelligence (-4).
   rC:        It protects you from cold.
   rPois:     It protects you from poison.
   rCorr:     It protects you from acid and corrosion.
Wands
 m - a wand of iceblast (9)
 n - a wand of paralysis (13)
 y - a wand of polymorph (8)
 B - a wand of flame (22)
Scrolls
 o - 3 scrolls of magic mapping
 t - a scroll of fog
 u - a scroll of summoning
 C - 3 scrolls of brand weapon
 F - 2 scrolls of fear
 H - 3 scrolls of enchant weapon
 J - 3 scrolls of identify
Potions
 e - 3 potions of brilliance
 f - 4 potions of attraction
 k - a potion of mutation
 l - 10 potions of curing
 p - a potion of resistance
 q - 3 potions of cancellation
 w - a potion of ambrosia
 z - 3 potions of magic
 E - 2 potions of might
Miscellaneous
 D - a condenser vane (inert)


   Skills:
 + Level 13.1 Fighting
 + Level 15.7 Maces & Flails
 - Level 2.0 Throwing
 + Level 9.7 Armour
 + Level 6.4 Dodging
 - Level 6.0 Shields
 + Level 10.3 Invocations
 + Level 5.6 Evocations


You had 13 spell levels left.
You didn't know any spells.
Your spell library contained the following spells:

 Spells                   Type           Power      Damage    Failure   Level
 Beastly Appendage        Tmut           0%         N/A       61%         1
 Magic Dart               Conj           0%         1d3       61%         1
 Shock                    Conj/Air       0%         1d3       61%         1
 Blink                    Tloc           N/A        N/A       75%         2
 Call Imp                 Summ           0%         N/A       75%         2
 Corpse Rot               Necr/Air       N/A        N/A       75%         2
 Passwall                 Tmut/Erth      0%         N/A       75%         2
 Slow                     Hex            0%         N/A       75%         2
 Wereblood                Tmut           0%         N/A       75%         2
 Confusing Touch          Hex            0%         N/A       93%         3
 Ignite Poison            Fire/Tmut/Pois 0%         N/A       93%         3
 Lesser Beckoning         Tloc           0%         N/A       93%         3
 Mephitic Cloud           Conj/Pois/Air  0%         N/A       93%         3
 Portal Projectile        Hex/Tloc       0%         N/A       93%         3
 Spider Form              Tmut/Pois      0%         N/A       93%         3
 Swiftness                Air            0%         N/A       93%         3
 Airstrike                Air            0%         N/A       100%        4
 Dispel Undead            Necr           0%         3d6       100%        4
 Blade Hands              Tmut           0%         N/A       100%        5
 Bolt of Magma            Conj/Fire/Erth 0%         4d4       100%        5
 Excruciating Wounds      Necr           0%         N/A       100%        5
 Manifold Assault         Tloc           0%         N/A       100%        5
 Yara's Violent Unravell  Hex/Tmut       0%         3d3       100%        5
 Death Channel            Necr           0%         N/A       100%        6
 Invisibility             Hex            0%         N/A       100%        6


Dungeon Overview and Level Annotations

Branches:
Dungeon (13/15)            Temple (1/1) D:7            Lair (0/6) D:11
    Orc (0/2) D:11         Vaults (0/5) D:13          Sewer (visited)

Altars:
Ashenzari
Cheibriados
Fedhas
Makhleb
Okawaru
Qazlal
Sif Muna
Trog
Uskayaw
Wu Jian
Zin

Shops:
D:2 *   D:4 ?(!!   D:7 [[   D:8 *

Annotations:
D:13 1 transporter, cada's ghost, journeyman DgFi


Innate Abilities, Weirdness & Mutations

You are immune to sickness and miasma.
Your stone body is resilient. (AC +10)
You are immune to poison.
Your large and strong wings let you fly.
You resist negative energy. (rN+)
You are resistant to electric shocks. (rElec)
You are resistant to unholy torment.
You are immune to petrification.


Message History

The komodo dragon is engulfed in freezing vapours.
The komodo dragon seems to slow down.
You kill the komodo dragon!
Cheibriados thoroughly appreciates the change of pace.
The fire dragon misses you. You block the fire dragon's attack. x2
Cada's ghost is engulfed in freezing vapours.
Cada's ghost hits you! Cada's ghost burns you.
The catoblepas is engulfed in freezing vapours.
The catoblepas gores you but does no damage.
You sock cada's ghost!
Cada's ghost is lightly damaged.
You block the fire dragon's attack.
The fire dragon claws you but does no damage.
The fire dragon tramples you but does no damage.
You block cada's ghost's attack.
Unknown command.
You hit cada's ghost.
Cada's ghost is lightly damaged.
The catoblepas is engulfed in freezing vapours.
You block the catoblepas's attack. The fire dragon barely misses you.
The fire dragon claws you but does no damage.
The fire dragon barely misses you.
Unknown command.
Okay, then.
The fire dragon rages.
You block cada's ghost's attack.
The catoblepas gores you but does no damage.
You block the fire dragon's attack. x2
The fire dragon tramples you but does no damage.
Cada's ghost is engulfed in freezing vapours.
Cada's ghost hits you. Cada's ghost burns you.
The fire dragon is no longer moving slowly.
The catoblepas is no longer moving slowly.
You block cada's ghost's attack. The catoblepas gores you!!
* * * LOW HITPOINT WARNING * * *
The fire dragon is engulfed in freezing vapours.
The fire dragon rages.
Okay, then.
You fail to use your ability.
The catoblepas gores you.
You die...

.########..###.©.###.# #.#
..........## ..Y...# #.#
#####.....#. #.#...# #.# #
#[###.#§.#§#...#..######.# #
#.###.##§.§§.#§##........# #
#......#§☼#.†§#.#..#####†#
#####.##..©#☼§§©#...#..# #!#
...##.###..#?#○WY..##..# #.#
##.##.# #.##!#○D@#.#©..# #.#
#....# #.# .#§##..##..#####.#
##..#.# #.# #§.
#...#........# ......#
#.##..#....##.###.##.#
##..### #..#.... .##..#
#).#.# #..# ##.##.#####..##
##.#.# #..# #..###......#
#.#.# #..#
#.)....####.#####...#
#..######.......###.....#.###


You could see a fire dragon (berserk), a catoblepas (berserk) and cada's ghost
(slow).

Vanquished Creatures
  An ironbound preserver (D:12)
  A fire dragon (D:12)
  A hydra (D:12)
  A catoblepas (D:13)
  A boulder beetle (D:7)
  4 centaur warriors
  An alligator (shapeshifter) (D:12)
  2 two-headed ogres (D:12)
  A deep troll earth mage (D:12)
  2 tengu warriors
  The ghost of MacCMillion the Grappler, a novice TrMo of Ru (D:8)
  Urug (D:13)
  2 skeletal warriors (D:12)
  A harpy (D:13)
  2 phantasmal warriors (D:12)
  3 deep elf pyromancers
  A wolf spider (D:12)
  An ugly thing (D:12)
  A mana viper (shapeshifter) (D:12)
  6 cyclopes
  6 manticores
  A moth of wrath (D:13)
  Joseph (D:8)
  A salamander (shapeshifter) (D:12)
  2 gargoyles
  Maggie (D:6)
  A kobold demonologist (D:8)
  An unseen horror (D:11)
  A komodo dragon (D:13)
  A tengu conjurer (D:13)
  7 trolls
  10 slime creatures (D:13)
  A hornet (D:10)
  A centaur simulacrum (D:12)
  2 redbacks (D:13)
  6 wyverns
  4 wraiths
  A vampire (D:10)
  15 yaks
  4 basilisks
  A steam dragon (D:7)
  12 vampire mosquitoes
  An acid dragon (D:12)
  4 water moccasins
  2 ice beasts
  4 orc warriors
  2 sky beasts (D:6)
  2 black bears
  2 ogres (D:5)
  A necrophage (D:6)
  4 wolves (D:11)
  7 centaurs
  A phantom (D:7)
  2 kobold brigands
  4 bullfrogs
  A gnoll sergeant (D:10)
  A water moccasin zombie (D:5)
  4 scorpions
  A wyvern skeleton (D:6)
  A water moccasin skeleton (D:7)
  11 killer bees
  3 wights (D:8)
  2 howler monkeys
  A bullfrog zombie (D:5)
  4 centaur zombies
  3 quasits (D:8)
  7 hounds
  A jelly (D:6)
  Crazy Yiuf (D:2)
  7 orc priests
  2 gnoll shamans
  Terence (D:2)
  3 iguanas
  10 orc wizards
  2 killer bee zombies
  9 adders
  16 gnolls
  A shadow imp (D:6)
  A white imp (D:5)
  3 ufetubi
  3 worms
  A dart slug (D:5)
  23 orcs
  5 endoplasms
  4 giant cockroaches
  5 hobgoblins
  10 jackals
  3 quokkas
  7 ball pythons
  3 bats
  4 frilled lizards
  4 goblins
  22 kobolds
  2 rats
342 creatures vanquished.

Vanquished Creatures (others)
  4 fungi (D:11)
  24 plants
28 creatures vanquished.

Grand Total: 370 creatures vanquished

Notes
Turn   | Place    | Note
-------+----------+-------------------------------------------
     0 | D:1      | Ijustatesigmund the Gargoyle Gladiator began the quest for
                  | the Orb.
     0 | D:1      | Reached XP level 1. HP: 12/12 MP: 1/1
   294 | D:1      | Reached XP level 2. HP: 9/18 MP: 2/2
  1106 | D:2      | Noticed Terence
  1123 | D:2      | Killed Terence
  1124 | D:2      | Reached skill level 1 in Armour
  1124 | D:2      | Reached XP level 3. HP: 22/22 MP: 3/3
  1300 | D:2      | Reached XP level 4. HP: 24/28 MP: 4/4
  1431 | D:2      | Found a broken altar of Ashenzari.
  1544 | D:2      | Found a faded altar of an unknown god.
  1558 | D:2      | Identified a scroll of acquirement
  1558 | D:2      | Acquired the +2 pair of gloves of Qiugo {Will+ rCorr}
  1685 | D:2      | Found a runed translucent door.
  1686 | D:2      | Noticed Crazy Yiuf
  1746 | D:2      | Found Casad's General Store.
  1751 | D:2      | Bought a scroll of teleportation for 42 gold pieces
  2427 | D:3      | Reached skill level 4 in Maces & Flails
  2427 | D:3      | Reached XP level 5. HP: 26/32 MP: 5/5
  2604 | D:3      | Found an ornate altar of the Wu Jian Council.
  2657 | D:4      | Found Rosuk's Distillery.
  2677 | D:4      | Bought a potion of curing for 36 gold pieces
  2682 | D:4      | Found a shimmering blue altar of Sif Muna.
  2941 | D:4      | Reached XP level 6. HP: 22/38 MP: 6/6
  3291 | D:4      | Found Naut's Distillery.
  3296 | D:4      | Bought a potion of might for 40 gold pieces
  3717 | D:4      | Found Quhosoy's Magic Scroll Boutique.
  3796 | D:4      | Found Eschec's Weapon Shoppe.
  4085 | D:5      | Entered Level 5 of the Dungeon
  4259 | D:5      | Reached skill level 5 in Fighting
  4259 | D:5      | Reached skill level 5 in Maces & Flails
  4259 | D:5      | Reached XP level 7. HP: 36/44 MP: 7/7
  4666 | D:5      | Noticed a troll
  4691 | D:5      | HP: 2/44 [troll (4)]
  5309 | D:2      | Killed Crazy Yiuf
  5499 | D:5      | Killed a troll
  5500 | D:5      | Reached skill level 6 in Maces & Flails
  5500 | D:5      | Reached skill level 5 in Armour
  5500 | D:5      | Reached XP level 8. HP: 31/51 MP: 8/8
  6195 | D:6      | Found a glowing drain.
  6216 | Sewer    | Entered a sewer
  6259 | Sewer    | Acquired a manual of Maces & Flails
  6941 | D:6      | Reached skill level 7 in Maces & Flails
  7370 | D:5      | Reached skill level 8 in Maces & Flails
  7412 | D:5      | Reached XP level 9. HP: 47/58 MP: 9/9
  7578 | D:6      | Reached skill level 9 in Maces & Flails
  7676 | D:6      | Reached skill level 10 in Maces & Flails
  8133 | D:7      | Found a staircase to the Ecumenical Temple.
  8146 | Temple   | Entered the Ecumenical Temple
  8153 | Temple   | Became a worshipper of Cheibriados the Contemplative
  8171 | D:7      | Noticed Maggie
  8203 | D:6      | Killed Maggie
  8204 | D:6      | Reached skill level 1 in Invocations
  8447 | D:7      | Found an iron altar of Okawaru.
  8447 | D:7      | Found a stormy altar of Qazlal.
  8459 | D:7      | Found a glowing silver altar of Zin.
  8462 | D:7      | Found a burning altar of Makhleb.
  8579 | D:7      | Noticed a troll
  8676 | D:7      | Found Ellis's Armour Emporium.
  8713 | D:7      | Reached * piety under Cheibriados
  8839 | D:7      | Found Ulifij's Armour Emporium.
  8858 | D:7      | Bought a +0 kite shield for 54 gold pieces
  8983 | D:7      | Killed a troll
  8984 | D:7      | Reached skill level 11 in Maces & Flails
  8984 | D:7      | Reached skill level 1 in Shields
  8984 | D:7      | Reached XP level 10. HP: 35/66 MP: 12/12
  9381 | D:7      | Noticed a boulder beetle
  9813 | D:6      | Upgraded the game from 0.27.0-66-gdc8fb28755 to 0.27.1
  9940 | D:7      | Killed a boulder beetle
 10379 | D:8      | Noticed a kobold demonologist
 10382 | D:8      | Noticed a manticore
 10391 | D:8      | Noticed a tengu warrior
 10392 | D:8      | Noticed a centaur warrior
 10407 | D:8      | Reached skill level 10 in Fighting
 10420 | D:8      | Killed a kobold demonologist
 10428 | D:8      | Killed a manticore
 10584 | D:8      | Killed a tengu warrior
 10585 | D:8      | Reached skill level 12 in Maces & Flails
 10585 | D:8      | Reached skill level 5 in Invocations
 10709 | D:8      | Killed a centaur warrior
 10783 | D:8      | Reached XP level 11. HP: 73/73 MP: 15/15
 10799 | D:8      | Noticed Joseph
 10822 | D:8      | Killed Joseph
 10823 | D:8      | Reached skill level 5 in Shields
 10900 | D:8      | Found a transporter.
 10942 | D:8      | Noticed MacCMillion's ghost (novice TrMo)
 11085 | D:8      | Reached ** piety under Cheibriados
 11220 | D:8      | Found Gayl's Elemental Accessories.
 11386 | D:8      | Found a transporter.
 11711 | D:9      | Reached skill level 13 in Maces & Flails
 11956 | D:9      | Found a bloodstained altar of Trog.
 12277 | D:10     | Entered Level 10 of the Dungeon
 12357 | D:10     | Reached *** piety under Cheibriados
 12662 | D:10     | Noticed a cyclops
 12671 | D:10     | Killed a cyclops
 12839 | D:10     | Acquired 995 gold pieces
 13404 | D:7      | Bought a +3 plate armour of willpower for 630 gold pieces
 13451 | D:8      | Killed MacCMillion's ghost
 13975 | D:11     | Reached **** piety under Cheibriados
 13994 | D:11     | Reached XP level 12. HP: 77/80 MP: 17/17
 14009 | D:11     | Found a staircase to the Lair.
 14148 | D:11     | Reached skill level 1 in Evocations
 14189 | D:11     | Found a staircase to the Orcish Mines.
 15009 | D:12     | Reached skill level 14 in Maces & Flails
 15041 | D:12     | Noticed a two-headed ogre
 15048 | D:12     | Killed a two-headed ogre
 15074 | D:12     | Noticed a two-headed ogre
 15079 | D:12     | Killed a two-headed ogre
 15144 | D:12     | Reached ***** piety under Cheibriados
 15292 | D:12     | Identified the +5 ring mail of Zin's Inspiration {rElec
                  | Str-4 Stlth+}
 15362 | D:12     | Identified the +6 flail of Hybux {vorpal, rPois rN+ Will-}
 15529 | D:12     | Noticed a six-headed hydra
 15541 | D:12     | Noticed a deep troll earth mage
 15554 | D:12     | Killed a deep troll earth mage
 15559 | D:12     | Identified the +0 robe "Gititise" {rElec MP+9 Str+4 Stlth+}
 15561 | D:12     | Noticed a sphinx
 15566 | D:12     | Reached skill level 5 in Dodging
 15571 | D:12     | Paralysed by a sphinx for 4 turns
 15806 | D:12     | Noticed a boulder beetle
 15806 | D:12     | Noticed a seven-headed hydra
 15806 | D:12     | a boulder beetle changed into a seven-headed hydra
 15815 | D:12     | Noticed an alligator
 15815 | D:12     | a seven-headed hydra changed into an alligator
 15824 | D:12     | Killed an alligator
 15825 | D:12     | Reached XP level 13. HP: 75/87 MP: 16/19
 15999 | D:12     | Noticed a fire dragon
 16011 | D:12     | Killed a fire dragon
 16433 | D:12     | Noticed a storm dragon
 16433 | D:12     | Noticed a frost giant
 16433 | D:12     | a storm dragon changed into a frost giant
 16442 | D:12     | Noticed an azure jelly
 16442 | D:12     | an alligator snapping turtle changed into an azure jelly
 16443 | D:12     | Noticed an emperor scorpion
 16443 | D:12     | an azure jelly changed into an emperor scorpion
 16444 | D:12     | an emperor scorpion changed into something unseen
 16445 | D:12     | Noticed a minotaur
 16445 | D:12     | a minotaur changed into a six-headed hydra
 17836 | D:12     | Identified the ring "Meigieha" {rPois rC+ rCorr Int-4}
 17872 | D:12     | Reached skill level 15 in Maces & Flails
 18089 | D:13     | Found a transporter.
 18093 | D:13     | Noticed cada's ghost (journeyman DgFi)
 18093 | D:13     | Noticed a fire dragon
 18299 | D:13     | Found a blossoming altar of Fedhas.
 18409 | D:13     | Noticed an ironbound preserver
 18609 | D:12     | Killed an ironbound preserver
 18628 | D:13     | Reached skill level 5 in Evocations
 18635 | D:13     | Reached skill level 10 in Invocations
 18771 | D:13     | Found a gate to the Vaults.
 18975 | D:13     | Gained mutation: Your large and strong wings let you fly.
                  | [Gargoyle growth]
 18975 | D:13     | Reached XP level 14. HP: 92/94 MP: 21/21
 19283 | D:13     | Noticed Urug
 19290 | D:13     | Killed Urug
 19324 | D:13     | Found a transporter.
 19339 | D:13     | Reached ****** piety under Cheibriados
 19349 | D:13     | Slain by a catoblepas

Illustrated notes

Levels and vault maps discovered:
D:1:      lightli_arrival_statue_moat, layout_basic, minmay_tetromino_s2
D:2:      layout_loops_ring, serial_shops, nicolae_square_shop, basic_altar,
          ebering_ecumenical_altar_webs, guppyfry_early_lair_pool, uniq_terence,
          uniq_crazy_yiuf_cottage
D:3:      layout_basic, lemuel_doored_altar
D:4:      layout_basic, mainiacjoe_overflow_cross_hatched, serial_shops,
          nicolae_shop_crystal, nicolae_shop_window_shopping,
          nicolae_stop_n_shop_2, kennysheep_mini
D:5:      layout_loops_corners
D:6:      layout_basic, cheibrodos_sewer_entry_drain, minmay_pentangle
D:7:      layout_layer_cave, grunt_temple_overflow_open,
          minmay_temple_entry_arrows, serial_shops, shop, nicolae_shop_stone,
          minmay_manual_maat, uniq_maggie
D:8:      layout_loops_ring, gammafunk_ghost_stat_death, nicolae_elemental_shop,
          minmay_diamond_spiral, uniq_joseph
D:9:      layout_roguey, amcnicky_altar_gilded
D:10:     layout_irregular_city, serial_glass, glass_columns_b, glass_columns_a,
          minmay_strange_pillars
D:11:     layout_loops_ring, minmay_lair_entry_grove, orc_0_dummy
D:12:     minmay_tile_spiral, layout_irregular_city
D:13:     layout_loops_ring, skrybe_vaults_entry_preservation,
          gammafunk_ghost_berserking_beasts, fedhas_altar_1, uniq_urug
Temple:   regret_index_temple_waves

Skill      XL: |  1  2  3  4  5  6  7  8  9 10 11 12 13 |
---------------+----------------------------------------+-----
Throwing       | 2 |  2.0
Armour         | 1 2 3 4 5 6 8 9 |  9.7
Fighting       | 3 4 5 6 7 9 10 11 12 13 | 13.1
Maces & Flails | 4 5 6 8 11 12 13 14 15 | 15.7
Invocations    | 3 5 7 9 10 | 10.3
Shields        | 1 4 6 |  6.0
Dodging        | 3 5 6 |  6.4
Evocations     | 3 5 |  5.6

Action                   |  1- 3 |  4- 6 |  7- 9 | 10-12 | 13-15 || total
-------------------------+-------+-------+-------+-------+-------++-------
Melee: Flail             |    66 |   176 |   461 |   581 |   222 ||  1506
Throw: Throwing net      |       |     3 |     2 |     1 |       ||     6
       Dart              |       |       |       |     2 |       ||     2
Invok: Bend Time         |       |       |       |     4 |     3 ||     7
Evoke: Wand              |       |       |     1 |     4 |     3 ||     8
       Condenser vane    |       |       |       |       |     1 ||     1
  Use: Potion            |     2 |       |     3 |     4 |     1 ||    10
       Scroll            |     1 |     6 |     8 |    16 |     2 ||    33
 Stab: Held in net/web   |       |     1 |       |       |       ||     1
       Invisible         |       |       |     1 |       |       ||     1
       Paralysed         |       |       |     4 |    10 |     1 ||    15
       Distracted        |       |       |       |     1 |       ||     1
Armor: Leather armour    |     5 |       |       |       |       ||     5
       Scale mail        |     4 |       |       |       |       ||     4
       Chain mail        |    17 |    56 |       |       |       ||    73
       Ring mail         |       |    88 |   349 |   188 |       ||   625
       Pearl dragon scal |       |       |       |   171 |   141 ||   312
       Plate armour      |       |       |       |    31 |       ||    31
Dodge: Dodged            |    38 |   141 |   350 |   230 |   108 ||   867
Block: Kite shield       |       |       |     3 |   459 |   221 ||   683
